 Seeded DCSS version 0.29-a0-362-g5854e031c7 (webtiles) character file.

Game seed: 9708579739092153053 (custom seed)

898 oldmanjim the Cleaver (level 8, -4/68 HPs)
             Began as a Hill Orc Fighter on Apr 29, 2022.
             Slain by Eustachio
             ... wielding a +0 rapier
              (11 damage)
             ... on level 4 of the Dungeon.
             The game lasted 00:13:42 (3572 turns).

oldmanjim the Cleaver (Hill Orc Fighter)            Turns: 3572, Time: 00:13:42

Health: -4/68      AC: 11    Str: 25    XL:     8   Next: 7%
Magic:  2/2        EV:  9    Int: 11    God:
Gold:   381        SH:  5    Dex: 10    Spells: 7/7 levels left

rFire   + . .      SeeInvis .   a - +6 broad axe "Yrhepaug" {antimagic, Str+4}
rCold   . . .      Faith    .   c - +0 buckler
rNeg    . . .      Spirit   .   b - +0 scale mail
rPois   +          Reflect  .   (no helmet)
rElec   +          Harm     .   (no cloak)
rCorr   .          Rampage  .   o - +0 pair of gloves
Will    +++..                   e - +2 pair of boots of Negation {rPois rF+ rC- Will++}
Stlth   ..........              (no amulet)
HPRegen 0.21/turn               h - ring "Jaufairch" {Wiz rElec rC+ Will+ Int+3}
MPRegen 0.08/turn               (no ring)

@: no status effects
A: no striking features
a: no special abilities


You were on level 4 of the Dungeon.
You visited 1 branch of the dungeon, and saw 4 of its levels.
You also visited: Ossuary.

You collected 381 gold pieces.

Inventory:

Hand Weapons
 a - the +6 broad axe "Yrhepaug" (weapon) {antimagic, Str+4}
   (You acquired it on level 1 of the Dungeon)

   It reduces the magical energy of the wielder, and disrupts the spells and
   magical abilities of those it strikes.
   Natural abilities and divine invocations are not affected.
   Str:       It affects your strength (+4).
 g - a +0 war axe
 k - a +3 flail
Missiles
 f - 73 stones
 m - 3 boomerangs
 n - 10 poisoned darts
 p - 2 datura-tipped darts (quivered)
Armour
 b - a +0 scale mail (worn)
 c - a +0 buckler (worn)
 e - the +2 pair of boots of Negation (worn) {rPois rF+ rC- Will++}
   (You acquired it on level 1 of the Dungeon)

   rF:        It protects you from fire.
   rC:        It makes you vulnerable to cold.
   rPois:     It protects you from poison.
   Will:      It greatly increases your willpower.
 o - a +0 pair of gloves (worn)
Jewellery
 h - the ring "Jaufairch" (left hand) {Wiz rElec rC+ Will+ Int+3}
   (You acquired it on level 1 of the Dungeon)

   [ring of wizardry]

   It improves your spell success rate.
   Int:       It affects your intelligence (+3).
   rC:        It protects you from cold.
   rElec:     It insulates you from electricity.
   Will:      It increases your willpower.
Scrolls
 j - a scroll of vulnerability {unknown}
 l - a scroll of teleportation
 r - a scroll of torment {unknown}
 t - a scroll of enchant armour {unknown}
 u - 2 scrolls of immolation
 v - 5 scrolls of identify {unknown}
 x - a scroll of enchant weapon {unknown}
Potions
 d - a potion of might
 i - a potion of degeneration {unknown}
 q - 5 potions of curing {unknown}
 s - a potion of resistance {unknown}
 w - a potion of heal wounds {unknown}
 z - 4 potions of invisibility {unknown}
 A - a potion of lignification {unknown}
 B - a potion of mutation {unknown}


   Skills:
 + Level 5.3 Fighting
 + Level 10.2 Axes
 - Level 3.2 Armour
 - Level 5.0 Shields


You had 7 spell levels left.
You didn't know any spells.
Your spell library was empty.

Dungeon Overview and Level Annotations

Branches:
Dungeon (4/15)            Ossuary (visited)
 Temple: D:4-7

Altars:
Makhleb

Annotations:
D:4 Eustachio


Message History

Eustachio shouts!
The ogre hits you with a +0 giant spiked club!
Eustachio gestures wildly while chanting.
Eustachio blinks!
You are too injured to fight recklessly!
You are too injured to fight recklessly!
You hit the ogre.
The ogre is moderately wounded.
The ogre barely misses you.
You hit the ogre.
The ogre is heavily wounded.
You slash the ogre!
The ogre is severely wounded.
The ogre hits you with a +0 giant spiked club.
You barely miss the ogre.
The ogre is severely wounded.
The ogre hits you with a +0 giant spiked club!
* * * LOW HITPOINT WARNING * * *
You slash the ogre!
You kill the ogre!
You have reached level 8!
Throw: 4 darts (datura)
Press: ? - help, Q - select action, (/) - cycle Shift-Dir - straight line, f - Eustachio
Aim: Eustachio, wielding a +0 rapier and wearing a +0 leather armour (46% to hit, chance to frenzy on hit: 51%)
You throw a datura-tipped dart.
The datura-tipped dart barely misses Eustachio.
Throw: 3 darts (datura)
Press: ? - help, Q - select action, (/) - cycle Shift-Dir - straight line, f/p - Eustachio
Aim: Eustachio, wielding a +0 rapier and wearing a +0 leather armour (46% to hit, chance to frenzy on hit: 51%)
You throw a datura-tipped dart. The datura-tipped dart hits Eustachio.
Eustachio flies into a frenzy!
You are too injured to fight recklessly!
You barely miss Eustachio. Eustachio hits you with a +0 rapier.
* * * LOW HITPOINT WARNING * * *
You slice Eustachio!!
Eustachio's magic leaks into the air.
Eustachio is heavily wounded.
Eustachio hits you with a +0 rapier!
* * * LOW HITPOINT WARNING * * *
Eustachio hits you with a +0 rapier!
You die...

*,,*,,,,,* *# **,>,,,***
*#. *,,,,,* ##.. *,,,,,*
#..* *,,,,,* #.#* ###
*,,,,,*####.# #.#
*,,,,,*#..)<#
#.#**,,,.....#)##
##@#*,,**##.**#)###
#.@#*,,###.,* #....
#.#......#.####...#
###.#(..##........#..
#...#!..##....###...#
#####.###.....5...§##..##
##..........#...@.#.5...##
*#..........(..#..5........
#.....†)...?...#.#####.#.##


You could see the neutral Eustachio (fast, strong, insane, magic disrupted).

Vanquished Creatures
  Menkaure (D:4)
  Duvessa (D:4)
  An ogre (D:4)
  Blork the orc (D:4)
  A scorpion (D:4)
  Dowan (D:4)
  2 hounds
  A gnoll shaman (D:4)
  An iguana (D:2)
  8 mummies (Ossuary)
  8 gnolls
  5 adders
  3 worms
  2 dart slugs (D:1)
  3 orcs (D:4)
  11 ball pythons
  5 endoplasms
  3 giant cockroaches
  3 gnoll zombies (Ossuary)
  5 goblins
  7 hobgoblins
  3 jackals (D:3)
  5 quokkas
  3 bats
  A hobgoblin zombie (Ossuary)
  11 kobolds
  2 kobold zombies (Ossuary)
  2 orc zombies (Ossuary)
  3 rats
103 creatures vanquished.

Vanquished Creatures (others)
  2 plants (D:3)
2 creatures vanquished.

Grand Total: 105 creatures vanquished

Notes
Turn   | Place    | Note
-------+----------+-------------------------------------------
     0 | D:1      | oldmanjim the Hill Orc Fighter began the quest for the Orb.
     0 | D:1      | Reached XP level 1. HP: 19/19 MP: 1/1
   127 | D:1      | Reached XP level 2. HP: 27/27 MP: 2/2
   129 | D:1      | Reached skill level 3 in Axes
   398 | D:1      | Identified 3 scrolls of acquirement
   398 | D:1      | Acquired the +6 broad axe "Yrhepaug" {antimagic, Str+4}
   403 | D:1      | Acquired the ring "Jaufairch" {Wiz rElec rC+ Will+ Int+3}
   408 | D:1      | Acquired the +2 pair of boots of Negation {rPois rF+ rC-
                  | Will++}
   504 | D:1      | Reached XP level 3. HP: 33/33 MP: 1/3
   759 | D:2      | Reached XP level 4. HP: 21/40 MP: 1/4
   941 | D:2      | Found a burning altar of Makhleb.
  1651 | D:2      | Reached skill level 4 in Axes
  1651 | D:2      | Reached XP level 5. HP: 12/47 MP: 1/5
  2499 | D:3      | Reached skill level 5 in Shields
  2694 | D:3      | Found a faded altar of an unknown god.
  2784 | D:3      | Reached skill level 5 in Fighting
  2788 | D:3      | Reached skill level 5 in Axes
  2979 | D:4      | Noticed Menkaure
  2984 | D:4      | Noticed Blork the orc
  2986 | D:4      | Killed Menkaure
  2987 | D:4      | Reached skill level 6 in Axes
  2987 | D:4      | Reached XP level 6. HP: 56/56 MP: 2/6
  2991 | D:4      | Killed Blork the orc
  2992 | D:4      | Reached skill level 7 in Axes
  2999 | D:4      | Reached XP level 7. HP: 37/61 MP: 2/7
  3006 | D:4      | Noticed Eustachio
  3021 | D:4      | Reached skill level 8 in Axes
  3021 | D:4      | Noticed Duvessa
  3026 | D:4      | Found a sand-covered staircase.
  3031 | Ossuary  | Entered an ossuary
  3394 | D:4      | Noticed Dowan
  3395 | D:4      | Killed Duvessa
  3396 | D:4      | Reached skill level 9 in Axes
  3408 | D:4      | Killed Dowan
  3424 | D:4      | Reached skill level 10 in Axes
  3569 | D:4      | Reached XP level 8. HP: 19/68 MP: 2/8
  3572 | D:4      | Slain by Eustachio

Illustrated notes

Levels and vault maps discovered:
D:1:      mrwooster_arrival_arrow, layout_basic
D:2:      layout_basic, basic_altar, minmay_fractal_squares_gapless_5
D:3:      layout_basic, hellmonk_ecumenical_altar_blasted,
          minmay_shallow_snake_nest
D:4:      layout_rooms, enter_ossuary_2, uniq_blork_the_orc, uniq_duvessa,
          uniq_menkaure, uniq_eustachio

Skill      XL: |  1  2  3  4  5  6  7 |
---------------+----------------------+-----
Axes           | 3 4 6 7 10 | 10.2
Fighting       | 4 5 |  5.3
Shields        | 4 5 |  5.0
Armour         | |  3.2

Action                   |  1- 3 |  4- 6 |  7- 9 || total
-------------------------+-------+-------+-------++-------
Melee: War axe           |    32 |       |       ||    32
       Broad axe         |    14 |   102 |    71 ||   187
Throw: Stone             |     5 |     3 |       ||     8
       Dart              |       |       |     2 ||     2
  Use: Scroll            |     6 |     1 |     2 ||     9
Armor: Scale mail        |    22 |    61 |    23 ||   106
Dodge: Dodged            |    15 |    35 |    32 ||    82
Block: Buckler           |     8 |    23 |    18 ||    49

Table legend: (Time is in decaauts)
 A = Elapsed time spent in this place.
 B = Non-inter-level travel time spent in this place.
 C = Inter-level travel time spent in this place.
 D = Time resting spent in this place.
 E = Time spent auto-exploring this place.
 F = Levels seen in this place.
 G = Mean time per level.
                   A        B        C        D        E       F      G
               +--------+--------+--------+--------+--------+-----+--------+
         Total |   3647 |   3527 |    120 |    336 |   2556 |   5 |  729.4 |
       Dungeon |   3280 |   3160 |    120 |    257 |   2363 |   4 |  820.0 |
       Ossuary |    366 |    366 |      0 |     79 |    193 |   1 |  366.0 |
               +--------+--------+--------+--------+--------+-----+--------+

Top non-repeatable levels by time:
     D:2: 1666 daAuts
     D:1: 746 daAuts
     D:3: 619 daAuts
 Ossuary: 366 daAuts
     D:4: 247 daAuts
